 Dungeon Crawl Stone Soup version 0.22.0-38-g04b72b8c25 (webtiles) character file.

3859 nawrastar the Frost Mage (level 10, -9/52 HPs)
             Began as a Gargoyle Ice Elementalist on Aug 25, 2018.
             Was a Follower of Vehumet.
             Splashed by Psyche's acid (15 damage)
             ... on level 8 of the Dungeon.
             The game lasted 00:32:44 (10461 turns).

nawrastar the Frost Mage (GrIE)                    Turns: 10461, Time: 00:32:45

Health: -9/52      AC: 17    Str: 13    XL:     10   Next: 18%
Magic:  12/19      EV: 13    Int: 18    God:    Vehumet [*.....]
Gold:   319        SH:  0    Dex: 10    Spells: 11/21 levels left

rFire    . . .     SeeInvis .   b - +2 whip (elec)
rCold    + . .     Gourm    .   (no shield)
rNeg     + + .     Faith    .   B - +1 leather armour {rN+}
rPois    ∞         Spirit   .   i - +2 hat
rElec    +         Reflect  .   o - +1 cloak
rCorr    .         Harm     .   d - +0 pair of gloves
MR       .....                  z - +0 pair of boots
Stlth    ++........             A - amulet of regeneration
HPRegen  0.57/turn              l - ring of protection from cold
MPRegen  0.16/turn              (no ring)

@: no status effects
A: negative energy resistance 1, electricity resistance, unbreathing,
petrification resistance, rot immunity, AC +7
a: Renounce Religion


You were on level 8 of the Dungeon.
You worshipped Vehumet.
Vehumet was aware of your devotion.
You were hungry.

You visited 2 branches of the dungeon, and saw 9 of its levels.

You collected 319 gold pieces.

Inventory:

Hand Weapons
 a - a +2 dagger of venom
 b - a +2 whip of electrocution (weapon)
Missiles
 t - 3 throwing nets (quivered)
Armour
 d - a +0 pair of gloves (worn)
 i - a +2 hat (worn)
 o - a +1 cloak (worn)
 z - a +0 pair of boots (worn)
 B - a +1 leather armour of positive energy (worn)
Jewellery
 l - a ring of protection from cold (left hand)
 A - an amulet of regeneration (around neck)
Wands
 m - a wand of digging (12)
 y - a wand of paralysis (14)
Scrolls
 f - 2 scrolls of teleportation
 p - a scroll of enchant armour
 q - a scroll of amnesia
 r - 2 scrolls of fear
 v - 4 scrolls of remove curse
 w - 2 scrolls of fog
 C - 2 scrolls of immolation
 F - 2 scrolls of random uselessness {unknown}
 G - a scroll of identify
Potions
 e - 2 potions of resistance {unknown}
 g - 3 potions of agility {unknown}
 h - a potion of haste {unknown}
 j - 2 potions of heal wounds
 k - 5 potions of flight
 s - 3 potions of cancellation
 u - a potion of invisibility {unknown}
 x - a potion of berserk rage {unknown}
 D - 6 potions of curing
 E - a potion of ambrosia {unknown}
Comestibles
 c - 9 rations


   Skills:
 + Level 1.1 Fighting
 - Level 5.0 Dodging
 - Level 2.1 Stealth
 + Level 6.3 Spellcasting
 + Level 7.1 Conjurations
 * Level 9.8 Ice Magic


You had 11 spell levels left.
You knew the following spells:

 Your Spells              Type           Power        Failure   Level  Hunger
a - Freeze                Ice            ####         1%          1    None
b - Throw Frost           Conj/Ice       #####.       1%          2    None
c - Ozocubu's Armour      Chrm/Ice       ###.....     6%          3    ##.....
d - Throw Icicle          Conj/Ice       #####...     4%          4    ####...

Your spell library contained the following spells:

 Spells                   Type           Power        Failure   Level  Hunger
 Flame Tongue             Conj/Fire      ###..        3%          1    None
 Beastly Appendage        Tmut           #.....       16%         1    None
 Ice Form                 Ice/Tmut       ###.....     19%         4    ####...
 Summon Ice Beast         Ice/Summ       ###.....     19%         4    ####...
 Sticks to Snakes         Tmut           #.......     22%         2    None
 Spider Form              Tmut/Pois      #.........   41%         3    ##.....
 Blade Hands              Tmut           #.........   99%         5    #####..


Dungeon Overview and Level Annotations

Branches:
Dungeon (8/15)             Temple (1/1) D:5
   Lair: D:8-11

Altars:
Ashenzari
Cheibriados
Dithmenos
Elyvilon
Fedhas
Gozag
Hepliaklqana
Kikubaaqudgha
Makhleb
Nemelex Xobeh
Okawaru
Qazlal
Ru
Sif Muna
Trog
Uskayaw
Vehumet
Xom
Yredelemnul
Zin
The Shining One

Annotations:
D:7 exclusion: oklob plant
D:8 Psyche


Innate Abilities, Weirdness & Mutations

You are resistant to torment.
Your stone body is resilient. (AC +7)
You are immune to poison.
You resist negative energy. (rN+)
You are resistant to electric shocks. (rElec)
You can survive without breathing.
You are immune to petrification.
You are immune to rotting.


Message History

Psyche zaps a wand.
The bolt of acid hits you!
You are splashed with acid!
The acid burns!
Psyche hits you but does no damage.
You blink.
Casting: Freeze (safe; 1% risk of failure)
Confirm with . or Enter, or press ? or * to list all spells.
You can't see any susceptible monsters within range! (Use Z to cast anyway.)
Your icy armour cracks and falls away as you move.
Psyche zaps a wand.
The bolt of acid hits you!
You are splashed with acid!
The acid burns!
* * * LOW HITPOINT WARNING * * *
Casting: Freeze (safe; 1% risk of failure)
Confirm with . or Enter, or press ? or * to list all spells.
Aiming: Freeze (safe; 1% risk of failure)
Press: ? - help, Shift-Dir - straight line, f/p - Psyche
Aim: Psyche, wielding a dagger of distortion, wearing a robe and carrying a wand of acid (1) (translocational energy, moderately wounded, fast)
You freeze Psyche.
Psyche is severely wounded.
Psyche zaps a wand.
The bolt of acid hits you!
* * * LOW HITPOINT WARNING * * *
You are splashed with acid!
The acid burns!
You die...

..'......'...... ....
#......# ....
##.##..###############
##..##..#....#....#
#....'..#....#....#
#....#..'....#....'
#....#..#....#....#
##@.##..###..##..##
#@.##..###..##'###
#............)....
#.................
#####.......##....
####..##.......##....
#.....##..###..##....
#.....#######..##....
#......'........#....
##....##........#....


You could see Psyche.

Vanquished Creatures
  Pikel (D:6)
  A hippogriff (D:8)
  Eustachio (D:6)
  Duvessa (D:6)
  A water moccasin (D:7)
  2 ice beasts (D:7)
  An orc warrior (D:6)
  4 sky beasts
  A black bear (D:6)
  A phantom (D:7)
  4 ogres
  2 bullfrogs (D:7)
  Dowan (D:6)
  A wyvern skeleton (D:6)
  6 killer bees (D:7)
  4 wights (D:7)
  A howler monkey (D:7)
  2 jellies
  A bullfrog zombie (D:8)
  5 crimson imps
  A quasit (D:8)
  2 orc priests
  A centaur skeleton (D:6)
  2 hounds
  A bullfrog skeleton (D:7)
  An iguana (D:7)
  An iron imp (D:8)
  A gnoll shaman (D:7)
  10 worker ants
  A killer bee zombie (D:8)
  A hound skeleton (D:4)
  A worker ant zombie (D:5)
  9 adders
  5 gnolls (D:7)
  An adder skeleton (D:4)
  A worm (D:3)
  2 dart slugs
  10 leopard geckos
  9 orcs
  2 ball pythons
  5 bats
  5 giant cockroaches
  6 goblins
  5 hobgoblins
  11 jackals
  4 quokkas
  8 frilled lizards
  9 kobolds
  2 quokka skeletons
  4 rats (D:1)
162 creatures vanquished.

Vanquished Creatures (others)
  A centaur zombie (D:6)
1 creature vanquished.

Grand Total: 163 creatures vanquished

Notes
Turn   | Place    | Note
-------+----------+-------------------------------------------
     0 | D:1      | nawrastar the Gargoyle Ice Elementalist began the quest for the Orb.
     0 | D:1      | Reached XP level 1. HP: 10/10 MP: 3/3
   295 | D:1      | Reached XP level 2. HP: 8/15 MP: 0/5
   577 | D:1      | Learned a level 2 spell: Throw Frost
   884 | D:1      | Reached XP level 3. HP: 19/19 MP: 3/6
  1547 | D:2      | Found a sparkling altar of Nemelex Xobeh.
  1913 | D:3      | Reached XP level 4. HP: 24/24 MP: 3/7
  1955 | D:3      | Found an opulent altar of Gozag.
  2415 | D:3      | Found a burning altar of Makhleb.
  2570 | D:3      | Found a white marble altar of Elyvilon.
  2805 | D:4      | Reached skill level 4 in Ice Magic
  3074 | D:4      | Noticed an ogre
  3435 | D:4      | Reached XP level 5. HP: 26/28 MP: 4/9
  4010 | D:4      | Killed an ogre
  4010 | D:4      | Reached XP level 6. HP: 32/32 MP: 0/10
  4150 | D:4      | Found a sparkling altar of Nemelex Xobeh.
  4297 | D:5      | Entered Level 5 of the Dungeon
  4308 | D:5      | Reached skill level 5 in Ice Magic
  4468 | D:5      | Found a basalt altar of Yredelemnul.
  4640 | D:5      | Noticed a sky beast
  4645 | D:5      | Killed a sky beast
  4726 | D:5      | Found a deep blue altar of Sif Muna.
  4812 | D:5      | Reached XP level 7. HP: 29/36 MP: 12/12
  4886 | D:5      | Found a staircase to the Ecumenical Temple.
  4986 | D:5      | Found a shadowy altar of Dithmenos.
  5049 | D:5      | Found a hide-covered altar of Uskayaw.
  5423 | D:6      | Noticed Duvessa
  5423 | D:6      | Noticed Dowan
  5446 | D:6      | Killed Duvessa
  5449 | D:6      | Killed Dowan
  5449 | D:6      | Reached skill level 6 in Ice Magic
  5728 | D:6      | Found a shattered altar of Ashenzari.
  6014 | Temple   | Entered the Ecumenical Temple
  6091 | Temple   | Became a worshipper of Vehumet
  6288 | D:6      | Reached XP level 8. HP: 41/41 MP: 7/14
  6338 | D:6      | Learned a level 3 spell: Ozocubu's Armour
  6343 | D:6      | Learned a level 4 spell: Throw Icicle
  6636 | D:6      | Noticed Eustachio
  6682 | D:6      | Killed Eustachio
  7269 | D:6      | Noticed Pikel
  7282 | D:6      | Killed Pikel
  7282 | D:6      | Reached skill level 5 in Conjurations
  7282 | D:6      | Reached skill level 7 in Ice Magic
  7575 | D:6      | Reached XP level 9. HP: 45/45 MP: 12/16
  7698 | D:7      | Reached skill level 5 in Spellcasting
  7850 | D:7      | Found a blossoming altar of Fedhas.
  7861 | D:7      | Noticed an oklob plant
  7987 | D:7      | Reached skill level 8 in Ice Magic
  8353 | D:7      | Reached * piety under Vehumet
  8353 | D:7      | Offered knowledge of Flame Tongue by Vehumet.
  8790 | D:7      | Reached skill level 5 in Dodging
  8970 | D:7      | Reached skill level 9 in Ice Magic
  9678 | D:8      | Reached XP level 10. HP: 50/50 MP: 14/19
  9703 | D:8      | Noticed Psyche
 10062 | D:8      | Found a stormy altar of Qazlal.
 10075 | D:8      | Found a snail-covered altar of Cheibriados.
 10310 | D:8      | Reached skill level 1 in Fighting
 10461 | D:8      | Splashed by Psyche's acid

Skill      XL: |  1  2  3  4  5  6  7  8  9 10 |
---------------+-------------------------------+-----
Dodging        | 2 3 4 5 |  5.0
Ice Magic      | 4 5 6 7 9 |  9.8
Conjurations   | 2 3 4 5 6 7 |  7.1
Spellcasting   | 3 4 6 |  6.3
Fighting       | 1 |  1.1
Stealth        | |  2.1

Action                   |  1- 3 |  4- 6 |  7- 9 | 10-12 || total
-------------------------+-------+-------+-------+-------++-------
Melee: Unarmed           |     7 |     3 |       |       ||    10
       Dagger            |       |    70 |    38 |       ||   108
       Whip              |       |       |    93 |    30 ||   123
 Cast: Freeze            |    52 |    80 |   135 |    41 ||   308
       Throw Frost       |    15 |    31 |    32 |    16 ||    94
       Ozocubu's Armour  |       |       |    23 |     7 ||    30
  Use: Scroll            |       |     9 |     4 |       ||    13
       Potion            |       |       |     1 |       ||     1
  Eat: Chunk             |     5 |    10 |     8 |     2 ||    25
       Ration            |       |       |     3 |       ||     3
Armor: Robe              |    17 |    54 |    12 |       ||    83
       Leather armour    |       |       |   116 |    51 ||   167
Dodge: Dodged            |    32 |    71 |   163 |    66 ||   332
